 Dungeon Sprint DCSS version 0.28-a0-119-ga52ba8600a (webtiles) character file.

Game seed: 5791620845638140425

109 lagrange the Skirmisher (level 4, 0/41 HPs)
             Began as a Demonspawn Berserker on Aug 13, 2021.
             Was a Follower of Trog.
             Slain by Sigmund (10 damage)
             ... in the Dungeon (Sprint I: "Red Sonja").
             The game lasted 00:01:10 (396 turns).

lagrange the Skirmisher (Demonspawn Berserker)       Turns: 396, Time: 00:01:10

Health: 0/41       AC:  9    Str: 17    XL:     4   Next: 60%
Magic:  4/4        EV: 13    Int:  8    God:    Trog [*.....]
Gold:   54         SH:  0    Dex: 14    Spells: 3/3 levels left

rFire   . . .      SeeInvis .   a - +0 falchion
rCold   . . .      Faith    .   (no shield)
rNeg    . . .      Spirit   .   i - +0 leather armour
rPois   .          Reflect  .   (no helmet)
rElec   .          Harm     .   (no cloak)
rCorr   .          Rampage  .   (no gloves)
Will    .....      NoTele   +   (no boots)
Stlth   +.........              (no amulet)
HPRegen 0.13/turn               (no ring)
MPRegen 0.09/turn               (no ring)

@: sanguine armoured, on berserk cooldown, slowed, very slow
A: foul stench 1, sanguine armour 1
a: Renounce Religion, Berserk


You were in the Dungeon.
You worshipped Trog.
Trog was aware of your devotion.
You visited 1 branch You collected 54 gold pieces.

Inventory:

Hand Weapons
 a - a +0 falchion (weapon)
Armour
 b - a +0 animal skin
 i - a +0 leather armour (worn)
Scrolls
 h - a scroll of blinking
Potions
 d - a potion of heal wounds
 e - a potion of haste
 f - 2 potions of magic
 g - a potion of berserk rage


   Skills:
 + Level 6.4 Fighting
 + Level 5.8 Long Blades
 + Level 3.1 Armour
 + Level 3.5 Dodging


You had 3 spell levels left.
You didn't know any spells.
Your spell library was empty.

Dungeon Overview and Level Annotations

Branches:
Dungeon (1/1)

Altars:

Annotations:
D Sigmund


Innate Abilities, Weirdness & Mutations

You may rarely emit foul miasma when damaged in melee.
When seriously injured, your bleeding wounds create armour. (AC +6)


Message History

You feel a strong urge to attack something.
Sigmund closely misses you.
There is an open door here.
You bump into the rock wall.
Sigmund screams, "Don't try to resist!"
Sigmund misses you.
You closely miss Sigmund. Sigmund closely misses you.
You feel a strong urge to attack something.
You are no longer berserk.
You are exhausted.
You feel yourself slow down.
Sigmund points at you and mumbles some strange words.
The puff of flame hits you!
There is an open door here.
You feel better.
Sigmund says, "Your kind have come here before.
I understand now why.
You desire death..."
Sigmund points at you and mumbles some strange words.
The puff of flame hits you!
Your blood congeals into armour.
You closely miss Sigmund.
Sigmund closely misses you. x2; You riposte.
You slash Sigmund!
Sigmund is moderately wounded.
You hit Sigmund.
Sigmund is moderately wounded.
Your blood armour dries and flakes away.
Sigmund hits you with a +0 scythe!
Your blood congeals into armour.
Okay, then.
Okay, then.
You closely miss Sigmund.
Sigmund is moderately wounded.
Sigmund hits you with a +0 scythe.
* * * LOW HITPOINT WARNING * * *
Sigmund barely misses you.
You closely miss Sigmund.
Sigmund is moderately wounded.
Sigmund closely misses you.
You hit Sigmund.
Sigmund is moderately wounded.
Sigmund misses you. Sigmund hits you with a +0 scythe!
You die...

#############
#<.#..').#..+
#..').#..@@.#
#..#####'####
#..# #..#
#..# ####
#..# #⌠⌠#
####


You could see Sigmund.

Vanquished Creatures
  An ogre (D)
  Ijyb (D)
2 creatures vanquished.

Notes
Turn   | Place    | Note
-------+----------+-------------------------------------------
     0 | D        | lagrange the Demonspawn Berserker began the quest for the
                  | Orb.
     0 | D        | Reached XP level 1. HP: 18/18 MP: 1/1
     2 | D        | Noticed Ijyb
    18 | D        | Killed Ijyb
    19 | D        | Reached skill level 4 in Fighting
    19 | D        | Gained mutation: You may rarely emit foul miasma when
                  | damaged in melee. [demonic ancestry]
    19 | D        | Reached XP level 2. HP: 8/26 MP: 2/2
   274 | D        | Noticed an ogre
   280 | D        | Killed an ogre
   281 | D        | Reached skill level 6 in Fighting
   281 | D        | Reached skill level 5 in Long Blades
   281 | D        | Gained mutation: When seriously injured, your bleeding
                  | wounds create armour. (AC +6) [demonic ancestry]
   281 | D        | Reached XP level 3. HP: 24/35 MP: 3/3
   281 | D        | Reached XP level 4. HP: 29/41 MP: 4/4
   384 | D        | Noticed Sigmund
   396 | D        | Slain by Sigmund

Illustrated notes

Levels and vault maps discovered:
D:        dungeon_sprint_1 [red_sonja_temple_1, red_sonja_temple_small_1]

Skill      XL: |  1  2 |
---------------+-------+-----
Fighting       | 4 6 |  6.4
Long Blades    | 4 5 |  5.8
Armour         | 2 3 |  3.1
Dodging        | 2 3 |  3.5

Action                   |  1- 3 |  4- 6 || total
-------------------------+-------+-------++-------
Melee: Falchion          |    18 |     6 ||    24
Invok: Berserk           |     1 |     1 ||     2
  Use: Potion            |       |     1 ||     1
Dodge: Dodged            |     4 |     8 ||    12
       Rpst.: Falchion   |     2 |     1 ||     3

Table legend: (Time is in decaauts)
 A = Elapsed time spent in this place.
 B = Non-inter-level travel time spent in this place.
 C = Inter-level travel time spent in this place.
 D = Time resting spent in this place.
 E = Time spent auto-exploring this place.
 F = Levels seen in this place.
 G = Mean time per level.
                   A        B        C        D        E       F      G
               +--------+--------+--------+--------+--------+-----+--------+
         Total |    404 |    404 |      0 |    342 |      0 |   1 |  404.0 |
       Dungeon |    404 |    404 |      0 |    342 |      0 |   1 |  404.0 |
               +--------+--------+--------+--------+--------+-----+--------+

Top non-repeatable levels by time:
       D: 404 daAuts
